AoeStats
← Mhafiki

Arabian Desert

509010317Analyzed
1v1 RM · 7d ago on Sep 25, 2026· 51m 12s· 2 players
Game mode
Random Map
Map size
Tiny (2 player)
Population
200
Speed
Normal
Resources
Standard
Victory
Conquest
Starting age
Dark Age
Ending age
Imperial Age
RankedLock teamsTeams togetherTeam positionsShared explorationLock speedFull tech treeHidden civsTurbo modeCheats
Victory
Defeat
🇺🇸 Hindustanis · United States
1125
+18
🇺🇸 Varangians · United States
1166
-18
real_Eli_Manning
6:28 Loom
9:31 Feudal Age
10:12 Double-Bit Axe
19:59 Castle Age
18:18 Fletching
19:31 Bloodlines
20:42 Gold Mining
20:57 Husbandry
22:46 Bodkin Arrow
23:05 Padded Archer Armor
25:55 Light Cavalry
32:28 Scale Barding Armor
32:34 Forging
33:15 Wheelbarrow
36:04 Imperial Age
33:32 Town Watch
33:29 Horse Collar
34:00 Bow Saw
36:22 Chain Barding Armor
36:18 Leather Archer Armor
36:39 Iron Casting
37:53 Chemistry
37:45 Plate Barding Armor
37:19 Hussar
43:37 Ring Archer Armor
44:07 Blast Furnace
45:29 Siege Elephant
46:47 Hand Cart
46:33 Heavy Plow
51:17 Conscription
50:58 Shatagni
Mhafiki
10:02 Feudal Age
8:19 Loom
10:05 Feudal Age
11:02 Double-Bit Axe
10:57 Horse Collar
11:03 Arson
20:38 Castle Age
19:21 Stone Mining
22:07 Heavy Plow
22:19 Bow Saw
30:34 Wheelbarrow
30:39 Squires
30:41 Scale Mail Armor
32:37 Fletching
37:28 Fletching
37:53 Gold Mining
38:41 Bloodlines
38:38 Husbandry
38:39 Bodkin Arrow
39:41 Padded Archer Armor
40:24 Scale Barding Armor
40:31 Forging
45:00 Imperial Age
42:48 Hand Cart
42:18 Town Watch
43:03 Ballistics
43:20 Chain Barding Armor
43:22 Forging
43:56 Stone Shaft Mining
46:10 Conscription
45:58 Bracer
46:36 Plate Barding Armor
45:38 Elite Jarl
48:02 Chemistry
48:57 Two-Man Saw
48:31 Crop Rotation
49:32 Conscription
49:25 Heavy Scorpion
Connection lost

Rejoining the realm…

Still unreachable

The connection could not be restored.

Session expired

The server has moved on; the page needs a fresh start.